 Dungeon Crawl Stone Soup version 0.32-a0-931-g5a2cda0630 (webtiles) character file.

Game seed: 6230980905439617873

78 Nietzsche the Sneak (level 4, -1/32 HPs)
             Began as a Vampire Enchanter on Apr 14, 2024.
             Slain by a scorpion (5 damage)
             ... on level 3 of the Dungeon.
             The game lasted 00:06:50 (1700 turns).

Nietzsche the Sneak (Vampire Enchanter)             Turns: 1700, Time: 00:06:50

Health: -1/32      AC:  4    Str:  6    XL:     4   Next: 15%
Magic:  7/7        EV: 12    Int: 18    God:
Gold:   59         SH:  0    Dex: 18    Spells: 6/7 levels left

rFire   . . .        k - +2 short sword (flame)
rCold   . . .        (no shield)
rNeg    . . .        b - +0 robe
rPois   .            (no helmet)
rElec   .            (no cloak)
rCorr   .            (no gloves)
SInv    +            (no boots)
Will    .....        (no amulet)
Stlth   +            (no ring)
HPRegen 0.45/turn    (no ring)
MPRegen 0.10/turn

%: no passive effects
@: confused, lethally poisoned (-1 -> -14), ambrosia-drunk, healing quickly
A: alive, fangs 3, see invisible, vampiric 2, iridescent scales 1, agile 1,
MP-powered wands
a: Exsanguinate


You were on level 3 of the Dungeon.
You visited 1 branch of the dungeon, and saw 3 of its levels.

You collected 59 gold pieces.

Inventory:

Hand Weapons
 a - a +1 dagger
 k - a +2 short sword of flaming (weapon)
 o - a +2 dagger of protection
Missiles
 h - a throwing net (quivered)
Armour
 b - a +0 robe (worn)
Scrolls
 d - 2 scrolls of blinking {unknown}
 e - 2 scrolls of enchant armour {unknown}
 g - 2 scrolls of identify {unknown}
 i - a scroll of summoning {unknown}
 l - a scroll of teleportation {unknown}
 n - a scroll of noise {unknown}
Potions
 c - 2 potions of invisibility


   Skills:
 * Level 1.3 Fighting
 + Level 2.0 Short Blades
 + Level 2.5 Dodging
 + Level 5.4 Stealth
 * Level 2.2 Spellcasting
 * Level 0.2 Conjurations
 + Level 4.9 Hexes
 * Level 0.2 Alchemy


You had 6 spell levels left.
You knew the following spells:

 Your Spells              Type           Power      Damage    Failure   Level
a - Sting                 Conj/Alch      8%         1d3       16%         1

Your spell library contained the following spells:

 Spells                   Type           Power      Damage    Failure   Level
 Confusing Touch          Hex            19%        N/A       7%          3
 Tukima's Dance           Hex            19%        N/A       7%          3
 Ensorcelled Hibernation  Hex/Ice        20%        N/A       10%         2
 Dazzling Flash           Conj/Hex       22%        N/A       19%         3
 Inner Flame              Hex/Fire       10%        N/A       19%         3
 Blink                    Tloc           4%         N/A       26%         2
 Lesser Beckoning         Tloc           4%         N/A       26%         2
 Mercury Vapours          Alch/Air       4%         N/A       26%         2
 Momentum Strike          Conj/Tloc      4%         3d8       26%         2
 Olgreb's Toxic Radiance  Alch           3%         N/A       83%         4
 Flame Wave               Conj/Fire      2%         2d4       86%         4
 Sticky Flame             Fire/Alch      2%         2d4       86%         4


Dungeon Overview and Level Annotations

Branches:
Dungeon (3/15)

Altars:
Cheibriados

Shops:
D:1 (


Innate Abilities, Weirdness & Mutations

Your natural rate of healing is accelerated.
You have razor-sharp teeth.
You have supernaturally acute eyesight. (SInv)
You are afflicted with vampirism and can become a bat while bloodless.
You are partially covered in iridescent scales. (AC +2)
You are agile. (Dex +4, Str/Int -1)
You expend magic power (3 MP) to strengthen your wands.


Message History

You feel sick. The scorpion closely misses you. The scorpion stings you.
* * * LOW HITPOINT WARNING * * *
You are lethally poisoned!
The scorpion poisons you!
You closely miss the scorpion.
The scorpion is moderately wounded.
* * * LOW HITPOINT WARNING * * *
You feel sick. The scorpion stings you.
* * * LOW HITPOINT WARNING * * *
You are more poisoned.
The scorpion poisons you!
It was a potion of mutation.
You feel extremely strange.
Iridescent scales grow over part of your body.
You feel agile.
You feel your magical essence link to the dungeon's wands.
* * * LOW HITPOINT WARNING * * *
You feel very sick. The scorpion barely misses you.
It was a potion of curing.
You feel better. The scorpion stings you.
* * * LOW HITPOINT WARNING * * *
You are lethally poisoned!
The scorpion poisons you!
It was a potion of ambrosia.
You are confused.
You feel invigorated.
* * * LOW HITPOINT WARNING * * *
You feel very sick. The scorpion stings you.
* * * LOW HITPOINT WARNING * * *
You bump into the rock wall.
* * * LOW HITPOINT WARNING * * *
You feel very sick. The scorpion stings you.
* * * LOW HITPOINT WARNING * * *
Your magical contamination has completely faded away.
You bump into the rock wall.
You feel sick. The scorpion stings you.
* * * LOW HITPOINT WARNING * * *
You are more poisoned.
The scorpion poisons you! The scorpion stings you.
You die...

............##........(
............##.........
............##.........
............# #.....
............######.#.##
...................#.#.
########...........#.#.
.#########...........#.##
......rs@................
>......###...........####
######. #........†..# #.
#.[.........# ..
.............# ..
.............# ...
............# ...
....########.#


You could see a scorpion and a rat.

Vanquished Creatures
  2 adders
  4 dart slugs
  A ribbon worm (D:2)
  8 endoplasms
  3 giant cockroaches (D:1)
  6 goblins
  5 hobgoblins
  A quokka (D:1)
  2 ball pythons (D:2)
  2 bats
  2 frilled lizards
  7 kobolds
  4 rats
47 creatures vanquished.

Notes
Turn   | Place    | Note
-------+----------+-------------------------------------------
     0 | D:1      | Nietzsche the Vampire Enchanter began the quest for the
                  | Orb.
     0 | D:1      | Reached XP level 1. HP: 13/13 MP: 3/3
   185 | D:1      | Reached XP level 2. HP: 18/19 MP: 5/5
   209 | D:1      | Found Laefybb's Weapon Shop.
   697 | D:2      | Reached skill level 5 in Stealth
   721 | D:2      | Gained mutation: You are afflicted with vampirism and can
                  | become a bat while bloodless. [Vampire growth]
   721 | D:2      | Reached XP level 3. HP: 19/25 MP: 6/6
   814 | D:2      | Reached skill level 1 in Fighting
  1050 | D:2      | Found a snail-covered altar of Cheibriados.
  1446 | D:2      | Learned a level 1 spell: Sting
  1655 | D:3      | Reached XP level 4. HP: 27/32 MP: 5/7
  1682 | D:3      | Noticed a scorpion
  1696 | D:3      | Gained mutation: You are partially covered in iridescent
                  | scales. (AC +2) [potion of mutation]
  1696 | D:3      | Gained mutation: You are agile. (Dex +4, Str/Int -1)
                  | [potion of mutation]
  1696 | D:3      | Gained mutation: You expend magic power (3 MP) to
                  | strengthen your wands. [potion of mutation]
  1696 | D:3      | HP: 1/32 [poisoned by a scorpion]
  1700 | D:3      | Slain by a scorpion

Illustrated notes

Levels and vault maps discovered:
D:1:      dpeg_arrival_stonehenge_8_columns, layout_basic, serial_shops,
          nicolae_shop_bloodbath_and_beyond, minmay_misc_feat_more_columns,
          nicolae_twisty_statue_hallways
D:2:      layout_basic, basic_altar, eino_tiny_chamber
D:3:      layout_basic, uniq_grinder

Skill      XL: |  1  2  3  4 |
---------------+-------------+-----
Stealth        | 5 |  5.4
Fighting       | 1 |  1.3
Short Blades   | 2 |  2.0
Dodging        | |  2.5
Spellcasting   | |  2.2
Conjurations   | |  0.2
Hexes          | |  4.9
Alchemy        | |  0.2

Action                     |  1- 3 |  4- 6 || total
---------------------------+-------+-------++-------
  Melee: Dagger            |    89 |       ||    89
         Bite              |     9 |       ||     9
         Short sword       |    22 |    11 ||    33
   Cast: Sting             |     7 |       ||     7
    Use: Potion            |       |     3 ||     3
   Stab: Sleeping          |    11 |       ||    11
 Armour: Robe              |    41 |    15 ||    56
  Dodge: Dodged            |    57 |     5 ||    62

Table legend: (Time is in decaauts)
 A = Elapsed time spent in this place.
 B = Non-inter-level travel time spent in this place.
 C = Inter-level travel time spent in this place.
 D = Time resting spent in this place.
 E = Time spent auto-exploring this place.
 F = Levels seen in this place.
 G = Mean time per level.
                   A        B        C        D        E       F      G
               +--------+--------+--------+--------+--------+-----+--------+
         Total |   1691 |   1691 |      0 |      0 |   1295 |   3 |  563.7 |
       Dungeon |   1691 |   1691 |      0 |      0 |   1295 |   3 |  563.7 |
               +--------+--------+--------+--------+--------+-----+--------+

Top non-repeatable levels by time:
     D:2: 758 daAuts
     D:1: 690 daAuts
     D:3: 243 daAuts
